 Dungeon Crawl Stone Soup version 0.27.0-1-g7a089689b8 (webtiles) character file.

Game seed: 399757210812248022

80 Sobieck the Gusty (level 4, -2/24 HPs)
             Began as a Tengu Air Elementalist on July 31, 2021.
             Slain by an orc priest (6 damage)
             ... on level 2 of the Dungeon.
             The game lasted 00:06:55 (2301 turns).

Sobieck the Gusty (Tengu Air Elementalist)          Turns: 2301, Time: 00:06:55

Health: -2/24      AC:  2    Str:  8    XL:     4   Next: 39%
Magic:  1/9        EV: 12    Int: 16    God:
Gold:   36         SH:  0    Dex: 15    Spells: 1/8 levels left

rFire    + . .     SeeInvis .   b - +0 war axe {axe}
rCold    . . .     Faith    .   (no shield)
rNeg     . . .     Spirit   .   a - +0 robe
rPois    .         Reflect  .   (helmet restricted)
rElec    .         Harm     .   (no cloak)
rCorr    .         Rampage  .   (no gloves)
Will     .....                  (boots unavailable)
Stlth    ++........             (no amulet)
HPRegen  0.08/turn              h - ring of protection from fire
MPRegen  0.11/turn              (no ring)

@: no status effects
A: beak, talons 3
a: no special abilities


You were on level 2 of the Dungeon.
You visited 1 branch of the dungeon, and saw 2 of its levels.

You collected 36 gold pieces.


Innate Abilities, Weirdness & Mutations

You have a beak for a mouth.
You have claws for feet.


   Skills:
 - Level 2.1 Dodging
 - Level 2.0 Stealth
 + Level 2.9 Spellcasting
 + Level 3.2 Conjurations
 + Level 5.1 Air Magic


You had one spell level left.
You knew the following spells:

 Your Spells              Type           Power      Damage    Failure   Level
a - Shock                 Conj/Air       60%        1d6       3%          1
b - Static Discharge      Conj/Air       15%        N/A       5%          2
c - Airstrike             Air            9%         N/A       22%         4

Your spell library contained the following spells:

 Spells                   Type           Power      Damage    Failure   Level
 Swiftness                Air            18%        N/A       7%          3

Inventory:

Hand Weapons
 b - a +0 war axe (weapon) {axe}
   (You found it on level 1 of the Dungeon)
Missiles
 c - 115 stones {throwing}
 d - 23 arrows
 f - 5 javelins {throwing}
 i - 16 poisoned darts {throwing}
Armour
 a - a +0 robe (worn)
Jewellery
 h - a ring of protection from fire (left hand)
   (You found it on level 2 of the Dungeon)
Scrolls
 e - a scroll of enchant armour {unknown}
Potions
 g - a potion of cancellation {unknown}

Dungeon Overview and Level Annotations

Branches:
Dungeon (2/15)

Altars:

Shops:
D:2

! ######### #####..
####......
#....##..#
###.####...# #...#
#.#.# ##.### #.#.#
#####..# #...#
...##########..)..##
#..##
#>....)).†o@.#####
#..# ##.)..#..#####
#### .....#.#..#
###. #.#.)#
.........#
#.##.###..# # ...#
#####


You could see an orc priest.


Message History

Unknown command.
The hobgoblin throws a stone.
The stone barely misses you.
The hobgoblin throws a stone.
The stone misses you.
Danger!
Casting: Shock (safe; 3% risk of failure)
Confirm with . or Enter, or press ? or * to list all spells.
Aiming: Shock (safe; 3% risk of failure)
Press: ? - help, Shift-Dir - straight line, f - hobgoblin
Aim: a hobgoblin, wielding a +0 club and quivering stones (heavily wounded, 71% to hit)
The zap hits the hobgoblin.
You kill the hobgoblin!
You start resting.
You start resting.
Key pressed, stopping explore.
c - 115 stones {throwing} (gained 31)
Things that are here:
a +0 club {mace}; a hobgoblin corpse You see here a +0 leather armour.
You see here a worm corpse.
Found a stone staircase leading down.
Things that are here:
a +0 club {mace}; a goblin skeleton The orc priest shouts!
You see here a +0 hand axe {axe}.
An orc priest is nearby!
Danger!
Casting: Shock (safe; 3% risk of failure)
Confirm with . or Enter, or press ? or * to list all spells.
Aiming: Shock (safe; 3% risk of failure)
Press: ? - help, Shift-Dir - straight line, f - orc priest
Aim: an orc priest, wielding a +0 morningstar and wearing a +0 leather armour (71% to hit)
The zap hits the orc priest.
Casting: Shock (safe; 3% risk of failure)
Confirm with . or Enter, or press ? or * to list all spells.
Aiming: Shock (safe; 3% risk of failure)
Press: ? - help, Shift-Dir - straight line, f/p - orc priest
Aim: an orc priest, wielding a +0 morningstar and wearing a +0 leather armour (lightly wounded, 71% to hit)
The zap hits the orc priest.
The orc priest hits you with a +0 morningstar.
Casting: Shock (safe; 3% risk of failure)
Confirm with . or Enter, or press ? or * to list all spells.
Aiming: Shock (safe; 3% risk of failure)
Press: ? - help, Shift-Dir - straight line, f/p - orc priest
Aim: an orc priest, wielding a +0 morningstar and wearing a +0 leather armour (moderately wounded, 71% to hit)
The zap hits the orc priest but does no damage.
The orc priest hits you with a +0 morningstar.
Casting: Shock (safe; 3% risk of failure)
Confirm with . or Enter, or press ? or * to list all spells.
Aiming: Shock (safe; 3% risk of failure)
Press: ? - help, Shift-Dir - straight line, f/p - orc priest
Aim: an orc priest, wielding a +0 morningstar and wearing a +0 leather armour (moderately wounded, 71% to hit)
Okay, then.
You see here a +0 spear {polearm}.
You see here a worm corpse.
Casting: Shock (safe; 3% risk of failure)
Confirm with . or Enter, or press ? or * to list all spells.
Aiming: Shock (safe; 3% risk of failure)
Press: ? - help, Shift-Dir - straight line, f/p - orc priest
Aim: an orc priest, wielding a +0 morningstar and wearing a +0 leather armour (moderately wounded, 71% to hit)
The zap misses the orc priest.
The orc priest closely misses you.
Unknown command.
Casting: Shock (safe; 3% risk of failure)
Confirm with . or Enter, or press ? or * to list all spells.
Aiming: Shock (safe; 3% risk of failure)
Press: ? - help, Shift-Dir - straight line, f/p - orc priest
Aim: an orc priest, wielding a +0 morningstar and wearing a +0 leather armour (lightly wounded, 71% to hit)
The zap hits the orc priest.
The orc priest hits you but does no damage.
Casting: Shock (safe; 3% risk of failure)
Confirm with . or Enter, or press ? or * to list all spells.
Aiming: Shock (safe; 3% risk of failure)
Press: ? - help, Shift-Dir - straight line, f/p - orc priest
Aim: an orc priest, wielding a +0 morningstar and wearing a +0 leather armour (moderately wounded, 71% to hit)
The zap hits the orc priest.
The orc priest completely misses you.
Casting: Shock (safe; 3% risk of failure)
Confirm with . or Enter, or press ? or * to list all spells.
Aiming: Shock (safe; 3% risk of failure)
Press: ? - help, Shift-Dir - straight line, f/p - orc priest
Aim: an orc priest, wielding a +0 morningstar and wearing a +0 leather armour (moderately wounded, 71% to hit)
The zap hits the orc priest.
The orc priest mumbles some strange prayers to Beogh against you.
Beogh smites you!
Ouch! That really hurt!
* * * LOW HITPOINT WARNING * * *
Unknown command.
You see here a +0 leather armour.
Casting: Shock (safe; 3% risk of failure)
Confirm with . or Enter, or press ? or * to list all spells.
Aiming: Shock (safe; 3% risk of failure)
Press: ? - help, Shift-Dir - straight line, f/p - orc priest
Aim: an orc priest, wielding a +0 morningstar and wearing a +0 leather armour (severely wounded, 71% to hit)
The zap hits the orc priest but does no damage.
The orc priest misses you.
Casting: Shock (safe; 3% risk of failure)
Confirm with . or Enter, or press ? or * to list all spells.
Aiming: Shock (safe; 3% risk of failure)
Press: ? - help, Shift-Dir - straight line, f/p - orc priest
Aim: an orc priest, wielding a +0 morningstar and wearing a +0 leather armour (severely wounded, 71% to hit)
The zap hits the orc priest.
The orc priest hits you with a +0 morningstar.
You die...

Skill      XL: |  1  2  3 |
---------------+----------+-----
Conjurations   | 2 3 |  3.2
Air Magic      | 5 |  5.1
Dodging        | |  2.1
Stealth        | |  2.0
Spellcasting   | |  2.9

Action                   |  1- 3 |  4- 6 || total
-------------------------+-------+-------++-------
 Cast: Shock             |    55 |    37 ||    92
Armor: Robe              |     2 |     1 ||     3
Dodge: Dodged            |    16 |     6 ||    22

Levels and vault maps discovered:
D:1:      dpeg_arrival_pits, layout_basic, hellmonk_ecumenical_altar_arch_garden
D:2:      layout_rooms, serial_shops, shop, chequers_serial_rivers_large_a,
          minmay_tromino_mix6

Notes
Turn   | Place    | Note
-------+----------+-------------------------------------------
     0 | D:1      | Sobieck the Tengu Air Elementalist began the quest for the
                  | Orb.
     0 | D:1      | Reached XP level 1. HP: 10/10 MP: 4/4
   269 | D:1      | Reached XP level 2. HP: 15/15 MP: 0/6
   333 | D:1      | Reached skill level 2 in Conjurations
   543 | D:1      | Found a faded altar of an unknown god.
   790 | D:1      | Learned a level 2 spell: Static Discharge
   964 | D:1      | Reached XP level 3. HP: 19/19 MP: 2/7
  1305 | D:2      | Found Kagan's Distillery.
  1598 | D:2      | Reached skill level 3 in Conjurations
  1598 | D:2      | Reached skill level 5 in Air Magic
  1598 | D:2      | Reached XP level 4. HP: 21/24 MP: 1/9
  1676 | D:2      | Learned a level 4 spell: Airstrike
  2297 | D:2      | HP: 3/24 [orc priest/divine providence (14)]
  2301 | D:2      | Slain by an orc priest

Vanquished Creatures
  A hound (D:2)
  A dart slug (D:1)
  2 worms (D:2)
  2 orcs (D:2)
  2 ball pythons (D:1)
  2 endoplasms
  A giant cockroach (D:1)
  7 goblins
  3 hobgoblins
  2 jackals (D:1)
  A quokka (D:2)
  5 bats
  A frilled lizard (D:1)
  3 kobolds (D:1)
  5 rats
38 creatures vanquished.

Table legend:
 A = Non-vault XP
 B = Vault XP
 C = Vault XP percentage of total XP
 D = Non-vault monster count
 E = Vault monster count
 F = Vault count percentage of total count
                 A         B        C        D         E       F
            +---------+---------+-------+---------+---------+-------
      Total |     110 |       5 |   4.3 |      35 |       3 |   7.9
            +---------+---------+-------+---------+---------+-------
        D:1 |      36 |       0 |   0.0 |      21 |       0 |   0.0
        D:2 |      74 |       5 |   6.3 |      14 |       3 |  17.6
            +---------+---------+-------+---------+---------+-------

Illustrated notes

Table legend:
 A = Kills in this place as a percentage of kills in entire the game.
 B = Kills by you in this place as a percentage of kills by you in the entire game.
 C = Kills by friends in this place as a percentage of kills by friends in the entire game.
 D = Other kills in this place as a percentage of other kills in the entire game.
 E = Experience gained in this place as a percentage of experience gained in the entire game.
 F = Experience gained in this place divided by the number of levels of this place that you have seen.
                   A       B       C       D       E      F
               +-------+-------+-------+-------+-------+----------------------
         Total | 100.0 | 100.0 |   N/A |   N/A | 100.0 |  57.5
       Dungeon | 100.0 | 100.0 |   N/A |   N/A | 100.0 |  57.5
               +-------+-------+-------+-------+-------+----------------------

Table legend: (Time is in decaauts)
 A = Elapsed time spent in this place.
 B = Non-inter-level travel time spent in this place.
 C = Inter-level travel time spent in this place.
 D = Time resting spent in this place.
 E = Time spent auto-exploring this place.
 F = Levels seen in this place.
 G = Mean time per level.
                   A        B        C        D        E       F      G
               +--------+--------+--------+--------+--------+-----+--------+
         Total |   2302 |   2275 |     27 |    466 |   1459 |   2 | 1151.0 |
       Dungeon |   2302 |   2275 |     27 |    466 |   1459 |   2 | 1151.0 |
               +--------+--------+--------+--------+--------+-----+--------+

Top non-repeatable levels by time:
     D:1: 1372 daAuts
     D:2: 930 daAuts
